 Dungeon Crawl Stone Soup version 0.28.0 (webtiles) character file.

Game seed: 17623308037046556820

108 dipablo the Shield-Bearer (level 4, 0/41 HPs)
             Began as a Gnoll Fighter on Feb 8, 2022.
             Slain by a gnoll (8 damage)
             ... on level 2 of the Dungeon.
             The game lasted 00:01:56 (1216 turns).

dipablo the Shield-Bearer (Gnoll Fighter)           Turns: 1216, Time: 00:01:56

Health: 0/41       AC: 10    Str: 16    XL:     4   Next: 87%
Magic:  5/5        EV:  7    Int:  9    God:
Gold:   53         SH:  5    Dex: 11    Spells: 5/5 levels left

rFire   . . .      SeeInvis .   a - +0 war axe
rCold   . . .      Faith    .   c - +0 buckler
rNeg    . . .      Spirit   .   m - +0 chain mail
rPois   .          Reflect  .   (no helmet)
rElec   .          Harm     .   (no cloak)
rCorr   .          Rampage  .   (no gloves)
Will    .....                   (no boots)
Stlth   ..........              (no amulet)
HPRegen 0.13/turn               (no ring)
MPRegen 0.09/turn               (no ring)

@: no status effects
A: fangs 1, strong nose, distributed training
a: no special abilities


You were on level 2 of the Dungeon.
You visited 1 branch of the dungeon, and saw 2 of its levels.

You collected 53 gold pieces.

Inventory:

Hand Weapons
 a - a +0 war axe (weapon)
Missiles
 e - 3 boomerangs (quivered)
 h - 17 bolts
 i - 59 stones
Armour
 c - a +0 buckler (worn)
 m - a +0 chain mail (worn)
   (You found it on level 1 of the Dungeon)
Jewellery
 f - a ring of willpower
   (You found it on level 1 of the Dungeon)
Scrolls
 g - a scroll of silence {unknown}
 j - a scroll of enchant weapon {unknown}
 l - a scroll of identify {unknown}
 n - a scroll of teleportation {unknown}
Potions
 b - a potion of resistance {unknown}
 d - a potion of might
 k - a potion of cancellation {unknown}


   Skills:
 + Level 6.6 Fighting
 + Level 1.2 Short Blades
 + Level 1.2 Long Blades
 + Level 4.7 Axes
 + Level 1.2 Maces & Flails
 + Level 1.2 Polearms
 + Level 1.2 Staves
 + Level 1.2 Slings
 + Level 1.2 Bows
 + Level 1.2 Crossbows
 + Level 1.2 Throwing
 + Level 6.6 Armour
 + Level 1.2 Dodging
 + Level 1.2 Stealth
 + Level 6.6 Shields
 + Level 1.2 Unarmed Combat
 + Level 1.2 Spellcasting
 + Level 1.0 Conjurations
 + Level 1.0 Hexes
 + Level 1.0 Summonings
 + Level 1.0 Necromancy
 + Level 1.0 Translocations
 + Level 1.0 Transmutations
 + Level 1.0 Fire Magic
 + Level 1.0 Ice Magic
 + Level 1.0 Air Magic
 + Level 1.0 Earth Magic
 + Level 1.0 Poison Magic
 + Level 1.4 Invocations
 + Level 1.2 Evocations


You had 5 spell levels left.
You didn't know any spells.
Your spell library was empty.

Dungeon Overview and Level Annotations

Branches:
Dungeon (2/15)

Altars:
Uskayaw

Shops:
D:2 =


Innate Abilities, Weirdness & Mutations

You have very sharp teeth.
Your uncanny sense of smell can sniff out nearby items.
Your experience applies equally to all skills.


Message History

You miss the adder. You block the adder's attack.
The iguana bites you but does no damage.
The adder bites you.
You slash the iguana! You barely miss the adder. The adder closely misses you.
The iguana bites you but does no damage.
The adder bites you.
You are poisoned.
The adder poisons you! The iguana barely misses you.
You slash the iguana!
You kill the iguana!
You closely miss the adder.
You feel sick.
The adder bites you but does no damage. x2
Your Conjurations skill increases to level 1!
Your Hexes skill increases to level 1!
Your Summonings skill increases to level 1!
Your Necromancy skill increases to level 1!
Your Translocations skill increases to level 1!
Your Transmutations skill increases to level 1!
Your Fire Magic skill increases to level 1!
Your Ice Magic skill increases to level 1!
Your Air Magic skill increases to level 1!
Your Earth Magic skill increases to level 1!
Your Poison Magic skill increases to level 1!
You feel sick. The adder barely misses you.
You barely miss the adder.
You feel sick.
You are no longer poisoned.
The adder bites you but does no damage. x2
You miss the adder. The adder bites you.
You hit the adder. Your bite misses the adder.
The adder bites you but does no damage. The adder bites you.
You closely miss the adder. You block the adder's attack. The adder bites you.
You are poisoned.
The adder poisons you!
You slash the adder!
You kill the adder!
You feel sick.
You feel sick.
You feel sick.
There is an entrance to Potip's Jewellery Emporium here.
You feel sick.
You feel sick.
You feel sick.
You are no longer poisoned.
A rat comes into view.
A rat is nearby!
You are too injured to fight recklessly!
You are too injured to fight recklessly!
You are too injured to fight recklessly!
A rat is nearby!
You are too injured to fight recklessly!
You are too injured to fight recklessly!
You are too injured to fight recklessly!
You are too injured to fight recklessly!
You block the rat's attack.
You slash the rat!
You kill the rat!
Key pressed, stopping explore.
You now have 37 gold pieces (gained 8).
Key pressed, stopping explore.
You now have 53 gold pieces (gained 16).
Terence the Incautious comes into view.
He is wielding a +0 mace.
Terence is nearby!
A gnoll comes into view. It is wielding a +0 halberd.
The gnoll shouts!
You hear a shout!
A gnoll comes into view. It is wielding a +0 spear.
A gnoll comes into view. It is wielding a +0 halberd.
The gnoll shouts!
You hit Terence. You bite Terence, but do no damage.
Terence hits you with a +0 mace.
You hit Terence but do no damage. Terence barely misses you.
A gnoll comes into view. It is wielding a +0 whip.
Terence hits you with a +0 mace.
You hit Terence. Terence hits you but does no damage.
You hit Terence. You block Terence's attack.
You hit Terence. Terence hits you with a +0 mace.
You slash Terence! Terence hits you but does no damage.
A goblin comes into view. It is wielding a +0 club.
Terence hits you with a +0 mace!
The goblin shouts!
You hit Terence but do no damage. Terence hits you with a +0 mace.
You completely miss Terence. You bite Terence, but do no damage.
Terence barely misses you. You block the gnoll's attack.
The gnoll barely misses you.
You hit Terence. Terence completely misses you.
The gnoll hits you from afar with a +0 spear.
The gnoll hits you from afar with a +0 halberd.
* * * LOW HITPOINT WARNING * * *
You block Terence's attack. You block the gnoll's attack.
You hit Terence but do no damage.
The gnoll hits you from afar with a +0 halberd.
* * * LOW HITPOINT WARNING * * *
Terence hits you but does no damage. The gnoll hits you but does no damage.
You hit Terence but do no damage. The gnoll barely misses you.
You block Terence's attack. The gnoll hits you but does no damage.
The gnoll barely misses you.
You hit Terence.
You kill Terence!
The gnoll hits you but does no damage.
The gnoll hits you from afar with a +0 halberd!
You die...

##..#...##.∩)>...###............
................................
........##.......#######......_.
##.......#.......#.......###....
#.####............#########....
#.....#...........# #.......
####.#...........# #.......
#....#.#.#...## #......#
####...#.#@### #......#
##..#.#)# #......# #..#.#gg
#......# ##.#.#gg. ########
#........ # #...#....) #####..
...∆


You could see 4 gnolls.

Vanquished Creatures
  Jessica (D:2)
  Terence (D:2)
  An iguana (D:2)
  2 adders (D:2)
  A worm (D:2)
  A ball python (D:2)
  6 endoplasms (D:1)
  2 giant cockroaches (D:1)
  A hobgoblin (D:1)
  10 jackals (D:1)
  3 bats (D:1)
  A goblin (D:1)
  2 kobolds (D:2)
  6 rats
38 creatures vanquished.

Notes
Turn   | Place    | Note
-------+----------+-------------------------------------------
     0 | D:1      | dipablo the Gnoll Fighter began the quest for the Orb.
     0 | D:1      | Reached XP level 1. HP: 23/23 MP: 1/1
     1 | D:1      | Found a runed translucent door.
    59 | D:1      | Reached XP level 2. HP: 16/29 MP: 2/2
   223 | D:1      | Reached XP level 3. HP: 29/35 MP: 3/3
   543 | D:1      | Found a faded altar of an unknown god.
   748 | D:2      | Found a hide-covered altar of Uskayaw.
   763 | D:2      | Reached skill level 1 in Invocations
   884 | D:2      | Noticed Jessica
   886 | D:2      | Found Potip's Jewellery Emporium.
   887 | D:2      | Killed Jessica
   888 | D:2      | Reached skill level 1 in Short Blades
   888 | D:2      | Reached skill level 1 in Long Blades
   888 | D:2      | Reached skill level 1 in Maces & Flails
   888 | D:2      | Reached skill level 1 in Polearms
   888 | D:2      | Reached skill level 1 in Staves
   888 | D:2      | Reached skill level 1 in Slings
   888 | D:2      | Reached skill level 1 in Bows
   888 | D:2      | Reached skill level 1 in Crossbows
   888 | D:2      | Reached skill level 1 in Throwing
   888 | D:2      | Reached skill level 1 in Dodging
   888 | D:2      | Reached skill level 1 in Stealth
   888 | D:2      | Reached skill level 1 in Unarmed Combat
   888 | D:2      | Reached skill level 1 in Spellcasting
   888 | D:2      | Reached skill level 1 in Evocations
   888 | D:2      | Reached XP level 4. HP: 41/41 MP: 5/5
   916 | D:2      | Reached skill level 1 in Conjurations
   916 | D:2      | Reached skill level 1 in Hexes
   916 | D:2      | Reached skill level 1 in Summonings
   916 | D:2      | Reached skill level 1 in Necromancy
   916 | D:2      | Reached skill level 1 in Translocations
   916 | D:2      | Reached skill level 1 in Transmutations
   916 | D:2      | Reached skill level 1 in Fire Magic
   916 | D:2      | Reached skill level 1 in Ice Magic
   916 | D:2      | Reached skill level 1 in Air Magic
   916 | D:2      | Reached skill level 1 in Earth Magic
   916 | D:2      | Reached skill level 1 in Poison Magic
   922 | D:2      | HP: 9/41 [poisoned by an adder]
  1202 | D:2      | Noticed Terence
  1214 | D:2      | HP: 8/41 [gnoll (3)]
  1216 | D:2      | Killed Terence
  1216 | D:2      | Slain by a gnoll

Illustrated notes

Levels and vault maps discovered:
D:1:      dpeg_arrival_caged_fury, layout_basic,
          hellmonk_ecumenical_altar_inner_sanctum
D:2:      layout_basic, serial_shops, shop, basic_altar, grunt_ministairs_13,
          uniq_terence, uniq_jessica, uniq_sigmund

Skill      XL: |  1  2  3  4 |
---------------+-------------+-----
Invocations    | 1 |  1.4
Short Blades   | 1 |  1.2
Long Blades    | 1 |  1.2
Maces & Flails | 1 |  1.2
Polearms       | 1 |  1.2
Staves         | 1 |  1.2
Slings         | 1 |  1.2
Bows           | 1 |  1.2
Crossbows      | 1 |  1.2
Throwing       | 1 |  1.2
Dodging        | 1 |  1.2
Stealth        | 1 |  1.2
Unarmed Combat | 1 |  1.2
Spellcasting   | 1 |  1.2
Evocations     | 1 |  1.2
Conjurations   | 1 |  1.0
Hexes          | 1 |  1.0
Summonings     | 1 |  1.0
Necromancy     | 1 |  1.0
Translocations | 1 |  1.0
Transmutations | 1 |  1.0
Fire Magic     | 1 |  1.0
Ice Magic      | 1 |  1.0
Air Magic      | 1 |  1.0
Earth Magic    | 1 |  1.0
Poison Magic   | 1 |  1.0
Fighting       | |  6.6
Axes           | |  4.7
Armour         | |  6.6
Shields        | |  6.6

Action                   |  1- 3 |  4- 6 || total
-------------------------+-------+-------++-------
Melee: War axe           |    60 |    35 ||    95
       Bite              |     7 |     5 ||    12
Armor: Scale mail        |    31 |       ||    31
       Chain mail        |     8 |    16 ||    24
Dodge: Dodged            |    36 |    16 ||    52
Block: Buckler           |    20 |     9 ||    29

Table legend: (Time is in decaauts)
 A = Elapsed time spent in this place.
 B = Non-inter-level travel time spent in this place.
 C = Inter-level travel time spent in this place.
 D = Time resting spent in this place.
 E = Time spent auto-exploring this place.
 F = Levels seen in this place.
 G = Mean time per level.
                   A        B        C        D        E       F      G
               +--------+--------+--------+--------+--------+-----+--------+
         Total |   1245 |   1200 |     45 |    112 |    856 |   2 |  622.5 |
       Dungeon |   1245 |   1200 |     45 |    112 |    856 |   2 |  622.5 |
               +--------+--------+--------+--------+--------+-----+--------+

Top non-repeatable levels by time:
     D:1: 763 daAuts
     D:2: 481 daAuts

Table legend:
 A = Kills in this place as a percentage of kills in entire the game.
 B = Kills by you in this place as a percentage of kills by you in the entire game.
 C = Kills by friends in this place as a percentage of kills by friends in the entire game.
 D = Other kills in this place as a percentage of other kills in the entire game.
 E = Experience gained in this place as a percentage of experience gained in the entire game.
 F = Experience gained in this place divided by the number of levels of this place that you have seen.
                   A       B       C       D       E      F
               +-------+-------+-------+-------+-------+----------------------
         Total | 100.0 | 100.0 |   N/A |   N/A | 100.0 |  95.5
       Dungeon | 100.0 | 100.0 |   N/A |   N/A | 100.0 |  95.5
               +-------+-------+-------+-------+-------+----------------------
